 Dungeon Crawl Stone Soup version 0.31-a0-948-gf5be29c462 (webtiles) character file.

Game seed: 659032328937141503

116 Arzdou the Changeling (level 5, 27/34 HPs)
             Began as an Octopode Shapeshifter on Oct 21, 2023.
             Was a Follower of Uskayaw.
             Quit the game on level 2 of the Dungeon.
             The game lasted 00:02:11 (1376 turns).

Arzdou the Changeling (Octopode Shapeshifter)       Turns: 1376, Time: 00:02:12

Health: 27/34      AC:  1    Str: 13    XL:     5   Next: 0%
Magic:  5/5        EV: 13    Int: 15    God:    Uskayaw [*.....]
Gold:   48         SH:  0    Dex: 11    Spells: 4/4 levels left

rFire   . .          .
                       - Unarmed
rCold   . . .        (no shield)
rNeg    . . .        (helmet currently unavailable)
rPois   .            (no amulet)
rElec   .            (no ring)
rCorr   .            (no ring)
SInv    .            (no ring)
Will    .....        (no ring)
Stlth   ++           (no ring)
HPRegen 0.25/turn    (no ring)
MPRegen 0.09/turn    (no ring)
                     (no ring)

%: no passive effects
@: beast-form
A: beast (slay +2), almost no armour, amphibious, 8 rings, camouflage 1,
gelatinous body 1, (nimble swimmer 1), tentacles
a: Begin Untransformation, Renounce Religion, Stomp


You were on level 2 of the Dungeon.
You worshipped Uskayaw.
Uskayaw was noncommittal.
You were a hulking beast.
You visited 1 branch of the dungeon, and saw 2 of its levels.

You collected 48 gold pieces.

Inventory:

Talismans
 b - a beast talisman (active)
 c - a flux talisman
Scrolls
 d - a scroll of revelation {unknown}
 f - a scroll of silence {unknown}
 g - a scroll of fog {unknown}
 h - a scroll of enchant armour {unknown}
 j - a scroll of teleportation {unknown}
Potions
 a - a potion of lignification
 e - a potion of attraction {unknown}
 i - a potion of haste {unknown}


   Skills:
 - Level 1.9 Fighting
 - Level 2.5 Dodging
 - Level 3.4 Unarmed Combat
 + Level 4.3 Shapeshifting


You had 4 spell levels left.
You didn't know any spells.
Your spell library was empty.

Dungeon Overview and Level Annotations

Branches:
Dungeon (2/15)

Altars:
Uskayaw


Innate Abilities, Weirdness & Mutations

You are a hulking beast.
Your limbs bulge with bestial killing power. (Slay +2)
You cannot wear most types of armour.
You are amphibious.
You can wear up to eight rings at the same time.
Your skin changes colour to match your surroundings (Stealth+).
Your rubbery body absorbs attacks. (AC +1, EV +1)
((You are camouflaged when in or above water. (Stealth+)))
You have tentacles for arms and can constrict up to eight enemies at once.


Message History

HP restored.
You now have 48 gold pieces (gained 4).
There is a dry fountain here.
Natasha and a frilled lizard come into view.
The frilled lizard hisses angrily.
The frilled lizard bites you.
You miss the frilled lizard. Your grab misses the frilled lizard.
You tentacle-slap the frilled lizard.
You kill the frilled lizard!
Natasha hisses angrily.
You see here a frilled lizard corpse.
Natasha closely misses you.
You closely miss Natasha. You grab Natasha. You squeeze Natasha.
Natasha is lightly wounded.
You constrict Natasha, but do no damage.
Natasha claws you.
You barely miss Natasha.
Natasha is lightly wounded.
You constrict Natasha.
Natasha mewls in sadness.
Natasha claws you!
You tentacle-slap Natasha.
Natasha is almost dead.
You constrict Natasha.
Natasha mumbles some strange words.
You tentacle-slap Natasha.
You kill Natasha!
Natasha screams in pain as she dies!
The cerulean imp disappears in a puff of smoke!
You have reached level 5!
You feel clever.
You see here a frilled lizard corpse.
There is a fountain of sparkling water here.
There is a dry fountain here.
There is a faded altar of an unknown god here.
This altar belongs to (a) Uskayaw, (b) Jiyva or (c) Ignis, but you can't tell which.
Press the corresponding letter to learn more about a god, or press enter to convert or escape to cancel.
Uskayaw accepts your prayer! Uskayaw welcomes you!
You can now stomp with the beat.
Are you sure you want to abandon this character and quit the game? (Confirm with "yes".)

#########
#####.......######
............PP...#
#...†.....P.#
#....###..P.P.#
###..#...⌠⌠.PP#
#..#..P⌠...P# ......
...###.P⌠.P.## .......
#####h.~.P..P.# ........#
#..###....)..#
........####....≈####...#
#.........#...P.....##.#
#.........#..........P.#
###...>....)#..#.#.#####.#
...........).....#.......#
..........####.###.#######
..........#......#.#


There were no monsters in sight!

Vanquished Creatures
  Natasha (D:2)
  5 gnolls
  A worm (D:2)
  2 dart slugs
  A ball python (D:2)
  3 endoplasms
  A giant cockroach (D:1)
  2 hobgoblins (D:1)
  5 quokkas
  2 bats (D:1)
  4 frilled lizards
  3 goblins
  5 kobolds
  6 rats
41 creatures vanquished.

Notes
Turn   | Place    | Note
-------+----------+-------------------------------------------
     0 | D:1      | Arzdou the Octopode Shapeshifter began the quest for the
                  | Orb.
     0 | D:1      | Reached XP level 1. HP: 13/13 MP: 1/1
   139 | D:1      | Reached XP level 2. HP: 14/18 MP: 2/2
   557 | D:1      | Reached XP level 3. HP: 23/23 MP: 3/3
  1198 | D:2      | Reached XP level 4. HP: 24/29 MP: 4/4
  1204 | D:2      | Reached skill level 4 in Shapeshifting
  1337 | D:2      | Found a faded altar of an unknown god.
  1355 | D:2      | Noticed Natasha
  1365 | D:2      | Killed Natasha
  1366 | D:2      | Reached XP level 5. HP: 24/34 MP: 5/5
  1375 | D:2      | Prayed at the altar of an unknown god.
  1375 | D:2      | Became a worshipper of Uskayaw the Reveller
  1375 | D:2      | Reached * piety under Uskayaw
  1376 | D:2      | Quit the game

Illustrated notes

Levels and vault maps discovered:
D:1:      dpeg_arrival_arbitrary_c, layout_loops_ring
D:2:      minmay_wonky_spiral, layout_basic,
          shapermc_ecumenical_altar_mp_ritualfount, uniq_natasha

Skill      XL: |  1  2  3  4 |
---------------+-------------+-----
Shapeshifting  | 4 |  4.3
Fighting       | |  1.9
Dodging        | |  2.5
Unarmed Combat | |  3.4

Action                     |  1- 3 |  4- 6 || total
---------------------------+-------+-------++-------
  Melee: Unarmed           |    73 |    19 ||    92
         Constrict         |    18 |     5 ||    23
         Tentacles         |    13 |     5 ||    18
         Punch             |     2 |       ||     2
   Stab: Sleeping          |     6 |       ||     6
 Armour: Skin              |    26 |     8 ||    34
  Dodge: Dodged            |    35 |     4 ||    39

Table legend: (Time is in decaauts)
 A = Elapsed time spent in this place.
 B = Non-inter-level travel time spent in this place.
 C = Inter-level travel time spent in this place.
 D = Time resting spent in this place.
 E = Time spent auto-exploring this place.
 F = Levels seen in this place.
 G = Mean time per level.
                   A        B        C        D        E       F      G
               +--------+--------+--------+--------+--------+-----+--------+
         Total |   1371 |   1355 |     16 |      0 |   1111 |   2 |  685.5 |
       Dungeon |   1371 |   1355 |     16 |      0 |   1111 |   2 |  685.5 |
               +--------+--------+--------+--------+--------+-----+--------+

Top non-repeatable levels by time:
     D:1: 943 daAuts
     D:2: 428 daAuts
